 Dungeon Crawl Stone Soup version 0.31.0-11-ge490571c62 (webtiles) character file.

Game seed: 4596588353950174883

73 qw the Shooter (level 4, -5/25 HPs)
             Began as a Deep Elf Hunter on Feb 4, 2024.
             Incinerated by a bombardier beetle (8 damage)
             ... with a burning spray
             ... on level 3 of the Dungeon.
             The game lasted 00:00:06 (2014 turns).

qw the Shooter (Deep Elf Hunter)                    Turns: 2014, Time: 00:00:07

Health: -5/25      AC:  7    Str: 10    XL:     4   Next: 8%
Magic:  6/6        EV: 11    Int: 14    God:
Gold:   116        SH:  0    Dex: 18    Spells: 3/3 levels left

rFire   . . .        a - +0 shortbow
rCold   . . .        (shield currently unavailable)
rNeg    . . .        l - +0 ring mail
rPois   .            j - +1 helmet
rElec   .            (no cloak)
rCorr   .            (no gloves)
SInv    .            (no boots)
Will    .....        (no amulet)
Stlth   +            (no ring)
HPRegen 0.24/turn    (no ring)
MPRegen 0.10/turn

%: no passive effects
@: on fire, glowing
A: no striking features
a: no special abilities


You were on level 3 of the Dungeon.
You visited 1 branch of the dungeon, and saw 3 of its levels.

You collected 116 gold pieces.


   Skills:
 - Level 1.5 Fighting
 + Level 7.5 Ranged Weapons
 - Level 2.4 Dodging
 - Level 1.2 Stealth


You had 3 spell levels left.
You didn't know any spells.
Your spell library was empty.

Inventory:

Hand Weapons
 a - a +0 shortbow (weapon)
Armour
 j - a +1 helmet (worn)
 l - a +0 ring mail (worn)
Jewellery
 c - a ring of positive energy
Potions
 b - a potion of enlightenment
 d - a potion of curing {unknown}
 e - 2 potions of heal wounds {unknown}
 k - a potion of haste {unknown}

Dungeon Overview and Level Annotations

Branches:
Dungeon (3/15)

Altars:


Message History

You shoot an arrow.
The arrow hits the ball python but does no damage.
You shoot an arrow. The arrow hits the kobold.
You kill the kobold!
You shoot an arrow.
The arrow barely misses the ball python.
The ball python bites you but does no damage.
The ball python grabs you. The ball python constricts you.
The ball python bites you but does no damage.
The ball python constricts you.
You shoot an arrow. The arrow hits the ball python.
The ball python is moderately wounded.
The ball python bites you but does no damage.
The ball python constricts you.
You shoot an arrow. The arrow hits the ball python!
You kill the ball python!
You shoot an arrow.
The arrow barely misses the bombardier beetle.
The bombardier beetle sprays incendiary fluid at you.
The burning spray hits you.
You are covered in liquid fire!
You shoot an arrow. The arrow hits the bombardier beetle.
The bombardier beetle is heavily wounded.
The liquid fire burns you!
You shoot an arrow.
The arrow barely misses the bombardier beetle.
The liquid fire burns you! The bombardier beetle bites you.
You shoot an arrow. The arrow hits the bombardier beetle.
The bombardier beetle is severely wounded.
The liquid fire burns you! The bombardier beetle bites you.
You shoot an arrow. The arrow hits the bombardier beetle.
The bombardier beetle is almost dead.
The liquid fire burns you!
You shoot an arrow.
The arrow hits the bombardier beetle but does no damage.
The bombardier beetle is almost dead.
The liquid fire burns you!
You die...

## .. #% #.#
#####..##
......B.## #@.#
##)## #..# ##.###
#...###### #.
#........#
##.#####..##..##.#
.........####..<.##
#......# ###...####


You could see a bombardier beetle.

Vanquished Creatures
  4 adders
  A dart slug (D:1)
  A ribbon worm (D:2)
  4 ball pythons
  3 bats
  3 endoplasms (D:1)
  A giant cockroach (D:1)
  A goblin (D:2)
  2 hobgoblins (D:2)
  A quokka (D:1)
  4 frilled lizards
  8 kobolds
  2 rats (D:1)
35 creatures vanquished.

Notes
Turn   | Place    | Note
-------+----------+-------------------------------------------
     0 | D:1      | qw the Deep Elf Hunter began the quest for the Orb.
     0 | D:1      | Reached XP level 1. HP: 12/12 MP: 3/3
     0 | D:1      | 0 ||| qw: Version: 0.3-a-160-g6735b56
     0 | D:1      | 0 ||| qw: Game counter: 4465
     0 | D:1      | 0 ||| qw: Melee chars always use a shield: true
     0 | D:1      | 0 ||| qw: God list: Okawaru
     0 | D:1      | 0 ||| qw: Allow faded altars: false
     0 | D:1      | 0 ||| qw: Do Orc after clearing Dungeon:15 true
     0 | D:1      | 0 ||| qw: Do second Lair branch before Depths: true
     0 | D:1      | 0 ||| qw: Lair rune preference: random
     0 | D:1      | 0 ||| qw: Goals: Normal
     0 | D:1      | 0 ||| PLANNING D:1-11
   198 | D:1      | Reached skill level 6 in Ranged Weapons
   198 | D:1      | Reached XP level 2. HP: 16/16 MP: 4/4
   539 | D:1      | 539 ||| READING scroll labelled ZENKU NIARCH.
   540 | D:1      | 540 ||| DROPPING scroll of butterflies.
   610 | D:2      | Found a faded altar of an unknown god.
   893 | D:2      | Reached XP level 3. HP: 9/20 MP: 5/5
  1161 | D:2      | Reached skill level 7 in Ranged Weapons
  1547 | D:2      | 1547 ||| UPGRADING to +1 helmet.
  1552 | D:2      | 1552 ||| UPGRADING to +0 ring mail.
  1562 | D:2      | 1562 ||| DROPPING +0 leather armour.
  1563 | D:2      | 1563 ||| READING scroll labelled QYETAC GUAW.
  1664 | D:2      | 1664 ||| READING scroll labelled NIPNIRH NEWAED.
  1664 | D:2      | 1664 ||| IDENTIFYING brown potion
  1665 | D:2      | 1665 ||| READING scroll labelled ULUEKA WISY.
  1766 | D:2      | 1766 ||| DRINKING 2 fuming inky potions.
  1800 | D:2      | 1800 ||| DRINKING 2 metallic clear potions.
  1801 | D:2      | 1801 ||| DROPPING potion of lignification.
  1802 | D:2      | 1802 ||| DROPPING potion of magic.
  1830 | D:3      | 1830 ||| STAIRDANCE
  1992 | D:3      | Reached XP level 4. HP: 25/25 MP: 6/6
  2013 | D:3      | HP: 2/25 [burnt (5)]
  2014 | D:3      | Incinerated by a bombardier beetle

Levels and vault maps discovered:
D:1:      minmay_arrival_arboretum_small, layout_basic
D:2:      layout_basic, shapermc_ecumenical_altar_gd, grunt_ministairs_9,
          hangedman_glass_teeth
D:3:      layout_rooms, minmay_quantized, uniq_crazy_yiuf_cottage

Skill      XL: |  1  2  3 |
---------------+----------+-----
Ranged Weapons | 6 7 |  7.5
Fighting       | |  1.5
Dodging        | |  2.4
Stealth        | |  1.2

Action                     |  1- 3 |  4- 6 || total
---------------------------+-------+-------++-------
   Fire: Shortbow          |   127 |    18 ||   145
    Use: Scroll            |     4 |       ||     4
         Potion            |     2 |       ||     2
 Armour: Leather armour    |    16 |       ||    16
         Ring mail         |    11 |     6 ||    17
  Dodge: Dodged            |    41 |       ||    41

Table legend:
 A = Non-vault XP
 B = Vault XP
 C = Vault XP percentage of total XP
 D = Non-vault monster count
 E = Vault monster count
 F = Vault count percentage of total count
                 A         B        C        D         E       F
            +---------+---------+-------+---------+---------+-------
      Total |     103 |       2 |   1.9 |      33 |       2 |   5.7
            +---------+---------+-------+---------+---------+-------
        D:1 |      23 |       0 |   0.0 |      13 |       0 |   0.0
        D:2 |      56 |       2 |   3.4 |      12 |       2 |  14.3
        D:3 |      24 |       0 |   0.0 |       8 |       0 |   0.0
            +---------+---------+-------+---------+---------+-------
